 Dungeon Crawl Stone Soup version 0.29.1-12-g30fa7ad0bf (webtiles) character file.

Game seed: 2543225640750302097

2 fantasyman the Trooper (level 1, -1/18 HPs)
             Began as a Formicid Berserker on Dec 28, 2022.
             Was a Follower of Trog.
             Slain by a jackal (3 damage)
             ... on level 1 of the Dungeon.
             The game lasted 00:00:09 (21 turns).

fantasyman the Trooper (Formicid Berserker)           Turns: 21, Time: 00:00:10

Health: -1/18      AC:  2    Str: 21    XL:     1   Next: 44%
Magic:  1/1        EV:  9    Int:  6    God:    Trog [*.....]
Gold:   0          SH:  0    Dex: 13    Spells: 0/0 levels left

rFire   . . .      SeeInvis +   a - +0 hand axe
rCold   . . .      Faith    .   (no shield)
rNeg    . . .      Spirit   .   b - +0 animal skin
rPois   .          Reflect  .   (helmet unavailable)
rElec   .          Harm     .   (no cloak)
rCorr   .          Rampage  .   (no gloves)
Will    .....                   (no boots)
Stlth   +.........              (no amulet)
HPRegen 0.06/turn               (no ring)
MPRegen 0.07/turn               (no ring)

@: constricted
A: permanent stasis, dig shafts and tunnels, antennae 3, four strong arms
a: Dig, Shaft Self, Renounce Religion


You were on level 1 of the Dungeon.
You worshipped Trog.
Trog was aware of your devotion.
You visited 1 branch of the dungeon, and saw 1 of its levels.

Inventory:

Hand Weapons
 a - a +0 hand axe (weapon)
Armour
 b - a +0 animal skin (worn)


   Skills:
 + Level 3.3 Fighting
 + Level 3.0 Axes
 + Level 2.2 Armour
 + Level 1.8 Dodging


You couldn't memorise any spells.
You didn't know any spells.
Your spell library was empty.

Dungeon Overview and Level Annotations

Branches:
Dungeon (1/15)

Altars:


Innate Abilities, Weirdness & Mutations

You cannot be hasted, slowed, berserked, paralysed or teleported.
You can dig through walls and to a lower floor.
You have a pair of large antennae on your head. (SInv)
Your four strong arms can wield two-handed weapons with a shield.


Message History

A hobgoblin comes into view.
There are monsters nearby!
You barely miss the jackal. You closely miss the jackal.
You closely miss the bat. The bat barely misses you. The bat hits you.
The jackal bites you. x2
The jackal bites you but does no damage.
The jackal closely misses you.
There are monsters nearby!
You hit the jackal.
The jackal is moderately wounded.
You barely miss the jackal. The bat completely misses you.
The bat closely misses you. The jackal barely misses you.
The jackal closely misses you. x2; The jackal bites you.
There are monsters nearby!
You closely miss the jackal.
The jackal is moderately wounded.
You hit the bat. You closely miss the jackal. You hit the ball python.
The bat hits you. The bat barely misses you. The jackal bites you. x2
The ball python closely misses you. The ball python grabs you.
The ball python constricts you.
There are monsters nearby!
You are too injured to fight recklessly!
Unknown command.
Okay, then.
Unknown command.
Okay, then.
You hit the bat.
The bat is moderately wounded.
You hit the jackal but do no damage. You closely miss the ball python.
You closely miss the bat. You hit the jackal.
The bat hits you but does no damage. The bat barely misses you.
The bat hits you.
* * * LOW HITPOINT WARNING * * *
The jackal bites you but does no damage.
The jackal bites you.
* * * LOW HITPOINT WARNING * * *
The ball python barely misses you. The ball python constricts you.
* * * LOW HITPOINT WARNING * * *
The jackal bites you.
You die...

.. ... .... ...# ###
#..# #.###########
#..##.#P#P#P#P#P###
#.h.b............#
###.h@.b......PP..<#
#.....S..............#
####.....#P#P#P#P#P###
##....###########
#..... #...... #......
........ ######


You could see 2 jackals, 2 bats and a ball python.

Vanquished Creatures
  An endoplasm (D:1)
  A jackal (D:1)
2 creatures vanquished.

Notes
Turn   | Place    | Note
-------+----------+-------------------------------------------
     0 | D:1      | fantasyman the Formicid Berserker began the quest for the
                  | Orb.
     0 | D:1      | Reached XP level 1. HP: 18/18 MP: 1/1
    21 | D:1      | Slain by a jackal

Illustrated notes

Levels and vault maps discovered:
D:1:      minmay_arrival_plants_in_alcoves, layout_rooms, serial_shops, shop,
          basic_ecumenical_altar

Action                   || total
-------------------------++-------
Melee: Hand axe          ||     9
Armor: Animal skin       ||     3
Dodge: Dodged            ||    17
